 Dungeon Crawl Stone Soup version 0.19.5 (webtiles) character file.

233 theElss the Cudgeler (level 6, -4/38 HPs)
             Began as a Gargoyle Berserker on Apr 12, 2017.
             Was a Believer of Trog.
             Killed from afar by an orc wizard (7 damage)
             ... with a puff of frost
             ... on level 3 of the Dungeon.
             The game lasted 00:05:45 (1974 turns).

theElss the Cudgeler (Gargoyle Berserker)           Turns: 1974, Time: 00:05:47

Health: -4/38      AC: 13    Str: 23    XL:     6   Next: 4%
Magic:  6/6        EV: 10    Int:  7    God:    Trog [**....]
Gold:   83         SH:  0    Dex:  9    Spells: 0 memorised, 5 levels left

rFire  . . .     SeeInvis .     a - +0 mace
rCold  . . .     Gourm    .     e - +0 scale mail (curse)
rNeg   + . .     Faith    .     (no shield)
rPois  ∞         Spirit   .     (no helmet)
rElec  +         Reflect  .     z - +0 cloak
rCorr  .         Harm     .     (no gloves)
MR     .....                    p - +0 pair of boots
Stlth  ..........               n - amulet of inaccuracy (curse)
                                (no ring)
                                (no ring)

@: exhausted, starving, slowed, very slow
A: negative energy resistance 1, electricity resistance, unbreathing,
petrification resistance, rot immunity, AC +4
a: Berserk, Trog's Hand, Burn Spellbooks, Renounce Religion


You were on level 3 of the Dungeon.
You worshipped Trog.
Trog was pleased with you.
You were starving.

You visited 1 branch of the dungeon, and saw 3 of its levels.

You collected 83 gold pieces.

Inventory:

Hand Weapons
 a - a +0 mace (weapon)
Armour
 e - a cursed +0 scale mail (worn)
 p - a +0 pair of boots (worn)
 z - a +0 cloak (worn)
Jewellery
 n - a cursed amulet of inaccuracy (around neck)
Wands
 v - a wand of paralysis (14/24)
Scrolls
 g - a scroll of enchant weapon
 k - a scroll of teleportation
 m - a scroll of fear
 q - a scroll of amnesia
 t - 2 scrolls of enchant armour
 u - a scroll of remove curse {unknown}
 y - a scroll of immolation {unknown}
Potions
 d - 2 potions of brilliance {unknown}
 o - 2 potions of lignification {unknown}
 s - a potion of invisibility {unknown}
 w - a potion of heal wounds {unknown}
 x - 2 potions of haste
Comestibles
 c - a bread ration
 j - a meat ration
 l - a beef jerky
 r - a royal jelly


   Skills:
 + Level 4.0 Fighting
 + Level 5.5 Maces & Flails
 + Level 3.1 Armour
 + Level 2.0 Dodging


You had 5 spell levels left.
You didn't know any spells.

Dungeon Overview and Level Annotations

Branches:
Dungeon (3/15)

Altars:


Innate Abilities, Weirdness & Mutations

You are resistant to torment.
Your stone body is resilient. (AC +4)
You are immune to poison.
You resist negative energy. (rN+)
You are resistant to electric shocks. (rElec)
You can survive without breathing.
You are immune to petrification.
You are immune to rotting.


Message History

A puff of flame appears from out of thin air!
The puff of flame misses you.
You miss something.
You hear some strange, mumbled words.
A magic dart appears from out of thin air!
The magic dart hits you!
* * * LOW HITPOINT WARNING * * *
You barely miss something. Something hits you but does no damage.
You closely miss something. Something hits you but does no damage.
You miss something.
Something hits you but does no damage. x2
You miss something. You closely miss something.
You are no longer berserk.
You are exhausted.
You feel yourself slow down. Something hits you.
* * * LOW HITPOINT WARNING * * *
You hear some strange, mumbled words.
A puff of frost appears from out of thin air!
The puff of frost hits you!
You die...

..####.......o....
?...........#
............#
####.......#
#s......#
#######o##.####
#....##o##..#
#.##.##{###.#
#.#<.##@# ..
#.#..##(# #.#
#.#.(.#.# .#
#.#####.###
#.........#
#######(..# #...#
#...# #...#


You could see an orc priest, an orc and a giant cockroach.

Vanquished Creatures
  Crazy Yiuf (D:2)
  Natasha (thrice) (D:2)
  Terence (D:2)
  Robin (D:2)
  3 adders (D:2)
  An ooze (D:2)
  A dart slug (D:2)
  4 worms (D:2)
  3 leopard geckos
  An orc (D:3)
  2 ball pythons (D:2)
  A giant cockroach (D:2)
  13 goblins
  9 hobgoblins
  3 bats
  5 kobolds
  2 rats (D:1)
54 creatures vanquished.

Notes
Turn   | Place    | Note
-------+----------+-------------------------------------------
     0 | D:1      | theElss the Gargoyle Berserker began the quest for the Orb.
     0 | D:1      | Reached XP level 1. HP: 14/14 MP: 1/1
   321 | D:1      | Reached XP level 2. HP: 19/19 MP: 2/2
   714 | D:2      | Reached XP level 3. HP: 23/23 MP: 3/3
   722 | D:2      | Noticed Natasha
   730 | D:2      | Killed Natasha
   730 | D:2      | Reached skill level 4 in Maces & Flails
   732 | D:2      | Reached XP level 4. HP: 14/29 MP: 4/4
  1030 | D:2      | Noticed Natasha
  1039 | D:2      | Killed Natasha
  1039 | D:2      | Reached ** piety under Trog
  1123 | D:2      | Noticed Natasha
  1149 | D:2      | Killed Natasha
  1149 | D:2      | Reached skill level 5 in Maces & Flails
  1149 | D:2      | Reached XP level 5. HP: 30/33 MP: 5/5
  1346 | D:2      | Noticed Terence
  1354 | D:2      | Killed Terence
  1468 | D:2      | Noticed Robin
  1477 | D:2      | Killed Robin
  1593 | D:2      | Found a runed door.
  1597 | D:2      | Noticed Crazy Yiuf
  1606 | D:2      | Killed Crazy Yiuf
  1606 | D:2      | Reached XP level 6. HP: 22/38 MP: 6/6
  1974 | D:3      | Killed from afar by an orc wizard

Skill      XL: |  1  2  3  4  5  6 |
---------------+-------------------+-----
Maces & Flails | 4 5 |  5.5
Armour         | 3 |  3.1
Fighting       | 4 |  4.0
Dodging        | 2 |  2.0

Action                   |  1- 3 |  4- 6 || total
-------------------------+-------+-------++-------
Melee: Mace              |    73 |   171 ||   244
Invok: Berserk           |       |     4 ||     4
  Use: Scroll            |       |     6 ||     6
  Eat: Chunk             |       |     5 ||     5
Armor: Scale mail        |    50 |    89 ||   139
Dodge: Dodged            |    33 |    70 ||   103
